 Dungeon Crawl Stone Soup version 0.31-a0-236-g9a0961fb85 (webtiles) character file.

Game seed: 10907168544357121059

9447 cforsyth the Grappler (level 11, -15/135 HPs)
             Began as an Ogre Transmuter on July 10, 2023.
             Was a High Priest of Okawaru.
             Killed from afar by an oklob plant (27 damage)
             ... with a splash of acid
             ... on level 10 of the Dungeon.
             The game lasted 00:23:50 (12521 turns).

cforsyth the Grappler (Ogre Transmuter)            Turns: 12521, Time: 00:23:50

Health: -15/135    AC:  0    Str: 14    XL:     11   Next: 46%
Magic:  12/14      EV: 11    Int: 18    God:    Okawaru [*****.]
Gold:   687        SH:  5    Dex:  9    Spells: 4/14 levels left

rFire   . .          .
                       - Unarmed
rCold   + + +        (shield currently unavailable)
rNeg    + . .        o - melded +2 robe {Will+}
rPois   +            D - melded +0 hat {Will+}
rElec   .            s - melded +0 cloak
rCorr   .            (gloves unavailable)
SInv    .            (boots unavailable)
Will    +....        j - amulet of reflection
Stlth   +            C - ring of positive energy
HPRegen 0.42/turn    A - ring of protection from fire
MPRegen 0.14/turn

%: reflection
@: ice-form, corroded, attractive
A: freezing attack, amphibious, boosted hp, large, unfitting armour, (tough skin
1), weak 1
a: End Transformation, Renounce Religion, Heroism, Finesse, Duel


You were on level 10 of the Dungeon.
You worshipped Okawaru.
Okawaru was extremely pleased with you.
You were a creature of crystalline ice.
You visited 1 branch of the dungeon, and saw 10 of its levels.

You collected 687 gold pieces.

Inventory:

Missiles
 H - 2 throwing nets
Armour
 a - a +0 robe
 o - a +2 robe of willpower (melded)
 s - a +0 cloak (melded)
 D - a +0 hat of willpower (melded)
Jewellery
 h - a ring of magical power
 i - an amulet of the acrobat
 j - an amulet of reflection (around neck)
 v - a ring of magical power
 y - the amulet of Elemental Vulnerability {rPois rF-- rC-- AC+8}
   (You found it on level 8 of the Dungeon)

   [amulet of nothing]

   AC:        It affects your AC (+8).
   rF:        It makes you very vulnerable to fire.
   rC:        It makes you very vulnerable to cold.
   rPois:     It protects you from poison.
 A - a ring of protection from fire (right front paw)
 C - a ring of positive energy (left front paw)
 F - a +4 ring of protection
Wands
 d - a wand of digging (7)
 n - a wand of acid (11)
 E - a wand of mindburst (10)
 G - a wand of flame (35)
Scrolls
 c - 6 scrolls of revelation
 e - 4 scrolls of immolation
 g - a scroll of noise
 q - 4 scrolls of teleportation
 x - a scroll of fog
Potions
 b - 4 potions of lignification
 f - a potion of might {unknown}
 m - 3 potions of mutation
 p - 2 potions of enlightenment
 t - 3 potions of curing
 w - 3 potions of cancellation
 z - a potion of heal wounds {unknown}
 B - a potion of brilliance


   Skills:
 + Level 8.3 Fighting
 + Level 6.0 Dodging
 * Level 11.5 Unarmed Combat
 - Level 2.4 Spellcasting
 * Level 8.7 Transmutations


You had 4 spell levels left.
You knew the following spells:

 Your Spells              Type           Power      Damage    Failure   Level
a - Beastly Appendage     Tmut           66%        N/A       1%          1
b - Wereblood             Tmut           33%        N/A       1%          2
c - Spider Form           Tmut/Pois      17%        N/A       9%          3
d - Ice Form              Ice/Tmut       17%        N/A       28%         4

Your spell library contained the following spells:

 Spells                   Type           Power      Damage    Failure   Level
 Blink                    Tloc           4%         N/A       26%         2
 Static Discharge         Conj/Air       4%         2-3/arc   26%         2
 Airstrike                Air            1%         2d(1-17)  86%         4
 Anguish                  Hex/Necr       1%         N/A       86%         4
 Cause Fear               Hex            1%         N/A       86%         4
 Manifold Assault         Tloc           2%         N/A       86%         4
 Enfeeble                 Hex            1%         N/A       100%        7
 Storm Form               Tmut/Air       8%         N/A       100%        7
 Summon Lightning Spire   Summ/Air       Unusable   N/A       N/A         4

Dungeon Overview and Level Annotations

Branches:
Dungeon (10/15)            Temple (0/1) D:7            Lair (0/5) D:10
    Orc: D:9-12

Altars:
Cheibriados
Elyvilon
Fedhas
Kikubaaqudgha
Okawaru
Qazlal
Ru
Sif Muna
Vehumet
Xom
Yredelemnul

Shops:
D:1 [   D:2 !*   D:6 ?

Annotations:
D:5 2 transporters
D:10 exclusion: oklob plant


Innate Abilities, Weirdness & Mutations

You are a creature of crystalline ice.
You have a powerful freezing melee attack.
You are amphibious.
Your maximum health is increased.
Your armour is entirely melded.
You are incapable of wielding weapons or throwing items.
You are too large for most types of armour.
((You have tough skin. (AC +1)))
You are weak. (Str -2)


Message History

The oklob plant is severely damaged.
The komodo dragon hisses angrily.
You punch the oklob plant! You freeze the oklob plant.
The oklob plant is almost destroyed.
You pummel the oklob plant!! You freeze the oklob plant.
You destroy the oklob plant!
Okawaru is honoured by your kill. The oklob plant spits acid at you.
The splash of acid hits you!!
You pummel the oklob plant!! You freeze the oklob plant.
The oklob plant is heavily damaged.
The oklob plant spits acid at you. The splash of acid hits you!!
The acid corrodes you!
You hit the oklob plant. You freeze the oklob plant.
The oklob plant is severely damaged.
You hit the oklob plant but do no damage.
The oklob plant is severely damaged.
The oklob plant spits acid at you. The splash of acid hits you!!
The acid corrodes you!
You hit the oklob plant. You freeze the oklob plant.
The oklob plant is severely damaged.
The oklob plant spits acid at you. The splash of acid hits you!!
* * * LOW HITPOINT WARNING * * *
You hit the oklob plant but do no damage.
The oklob plant is severely damaged.
You hit the oklob plant but do no damage.
The oklob plant is severely damaged.
The oklob plant spits acid at you. The splash of acid hits you!!
* * * LOW HITPOINT WARNING * * *
Okay, then.
Unknown command.
Okay, then.
Unknown command.
It was a potion of attraction.
You feel attractive to monsters. The oklob plant spits acid at you.
The splash of acid hits you!!
You die...

***,,,,,,....,,,,,,...,..........
,,,,,,,,,,...,,,,,....>..........
********###..***##.l#**#########.
* #....,,,....# #. *
#....###....# #. * *.#...≈...#,*
#.
*********#..#...#,,#****########.
,,,,,,,,,#.##.Pl##.#,,,,.........
*********#...PPPY..#,,,,.........
#≈.PP>PP.≈#****#######..
*#########...PPPP..# #..
,........#.##.P.##.#***########..
,........#..#...#,.#,,,..........
*#######..#...≈...#.,**########..
#.....###.....* #.[
#............## #..
########..####.####** #..


You could see an oklob plant and a komodo dragon.

Vanquished Creatures
  Gastronok (D:8)
  Erica (D:9)
  Pikel (D:8)
  An oklob plant (D:10)
  Maurice (D:10)
  A gargoyle (D:10)
  2 unseen horror zombies (D:9)
  Sigmund (D:2)
  2 wyverns (D:8)
  A wraith (D:10)
  6 yaks (D:9)
  Grum (D:8)
  4 vampire mosquitoes (D:7)
  Menkaure (D:7)
  4 sky beasts
  3 ice beasts
  3 orc warriors
  2 ogres
  2 black bears (D:5)
  2 wolves (D:8)
  2 centaurs
  A phantom (D:6)
  Blork the orc (D:5)
  3 bullfrogs
  2 scorpions
  A gnoll sergeant (D:9)
  6 killer bees (D:9)
  7 howler monkeys
  4 centaur zombies (D:9)
  6 jellies
  7 orc priests
  3 hounds
  2 iguanas
  6 orc wizards
  A sleepcap (D:5)
  A killer bee zombie (D:9)
  3 howler monkey zombies (D:9)
  6 gnolls
  8 adders
  2 shadow imps
  4 white imps
  2 ufetubi
  3 dart slugs
  A worm (D:5)
  13 orcs
  9 ball pythons
  8 endoplasms
  4 giant cockroaches
  8 goblins
  7 hobgoblins
  7 jackals
  8 kobolds
  5 quokkas
  9 bats
  3 frilled lizards
  5 rats
208 creatures vanquished.

Notes
Turn   | Place    | Note
-------+----------+-------------------------------------------
     0 | D:1      | cforsyth the Ogre Transmuter began the quest for the Orb.
     0 | D:1      | Reached XP level 1. HP: 19/19 MP: 3/3
    58 | D:1      | Reached skill level 3 in Unarmed Combat
    79 | D:1      | Reached XP level 2. HP: 25/27 MP: 3/5
    87 | D:1      | Found a faded altar of an unknown god.
   237 | D:1      | Reached XP level 3. HP: 30/33 MP: 4/6
   513 | D:1      | Found Feut's Armour Boutique.
   535 | D:1      | Reached skill level 4 in Unarmed Combat
  1089 | D:2      | Noticed Sigmund
  1089 | D:2      | Found Jiun's Distillery.
  1099 | D:2      | Killed Sigmund
  1100 | D:2      | Reached skill level 5 in Unarmed Combat
  1100 | D:2      | Reached XP level 4. HP: 41/41 MP: 7/7
  1100 | D:2      | Reached XP level 5. HP: 48/48 MP: 8/8
  1304 | D:2      | Found Maiffuo's Assorted Antiques.
  1625 | D:2      | Reached XP level 6. HP: 41/55 MP: 7/9
  1825 | D:2      | Found a blossoming altar of Fedhas.
  1875 | D:2      | Identified the +3 scimitar of Ydacirr {distort, *Slow rPois
                  | rCorr Str+2}
  2006 | D:2      | Reached skill level 6 in Unarmed Combat
  2539 | D:3      | Found a sacrificial altar of Ru.
  2539 | D:3      | Found an iron altar of Okawaru.
  2539 | D:3      | Found a white marble altar of Elyvilon.
  2573 | D:3      | Became a worshipper of Warmaster Okawaru
  4135 | D:4      | Reached skill level 7 in Unarmed Combat
  4165 | D:4      | Learned a level 2 spell: Wereblood
  4225 | D:4      | Reached XP level 7. HP: 62/62 MP: 10/10
  4881 | D:5      | Entered Level 5 of the Dungeon
  4957 | D:5      | Noticed Blork the orc
  4972 | D:5      | HP: 1/62 [Blork the orc/magic dart (7)]
  5333 | D:5      | Found an ancient bone altar of Kikubaaqudgha.
  5494 | D:5      | Found a transporter.
  5686 | D:4      | Learned a level 3 spell: Spider Form
  6051 | D:5      | Reached skill level 8 in Unarmed Combat
  6111 | D:5      | Noticed a kobold demonologist
  6119 | D:5      | Found a transporter.
  6157 | D:5      | Reached * piety under Okawaru
  6158 | D:5      | Reached XP level 8. HP: 74/74 MP: 11/11
  6230 | D:5      | Killed Blork the orc
  7115 | D:6      | Found Ruexuowo's Magic Scroll Shoppe.
  7421 | D:6      | Reached ** piety under Okawaru
  7540 | D:6      | Found a radiant altar of Vehumet.
  7549 | D:6      | Found a shimmering blue altar of Sif Muna.
  7571 | D:6      | Reached XP level 9. HP: 70/84 MP: 12/12
  7612 | D:6      | Found a shimmering altar of Xom.
  7673 | D:6      | Reached skill level 9 in Unarmed Combat
  8070 | D:6      | Found a snail-covered altar of Cheibriados.
  8376 | D:7      | Reached skill level 5 in Transmutations
  8442 | D:7      | Found a staircase to the Ecumenical Temple.
  8528 | D:7      | Noticed Menkaure
  8541 | D:7      | Killed Menkaure
  8618 | D:7      | Reached skill level 5 in Fighting
  8620 | D:7      | Reached *** piety under Okawaru
  9075 | D:7      | Learned a level 4 spell: Ice Form
  9458 | D:8      | Found a blossoming altar of Fedhas.
  9494 | D:8      | Found the amulet of Elemental Vulnerability {rPois rF--
                  | rC-- AC+8}
  9558 | D:8      | Found a stormy altar of Qazlal.
  9569 | D:8      | Reached XP level 10. HP: 93/98 MP: 13/13
  9603 | D:8      | Reached skill level 10 in Unarmed Combat
  9861 | D:8      | Noticed Grum
  9876 | D:8      | Reached **** piety under Okawaru
  9882 | D:8      | Killed Grum
  9882 | D:8      | HP: 4/117 [wolf[Grum] (9)]
 10315 | D:8      | Noticed Gastronok
 10329 | D:8      | Killed Gastronok
 10330 | D:8      | Reached skill level 5 in Dodging
 10541 | D:8      | Noticed Pikel
 10550 | D:8      | Gained mutation: You are weak. (Str -2) [mutagenic glow]
 10552 | D:8      | Killed Pikel
 10552 | D:8      | Reached ***** piety under Okawaru
 10705 | D:9      | Noticed Erica
 10730 | D:9      | Killed Erica
 10730 | D:9      | Received a gift from Okawaru
 10770 | D:9      | Reached skill level 11 in Unarmed Combat
 10770 | D:9      | Reached XP level 11. HP: 109/109 MP: 14/14
 11660 | D:9      | Found a basalt altar of Yredelemnul.
 11963 | D:10     | Entered Level 10 of the Dungeon
 12165 | D:10     | Noticed Maurice
 12176 | D:10     | Killed Maurice
 12176 | D:10     | Received a gift from Okawaru
 12503 | D:10     | Found a staircase to the Lair.
 12503 | D:10     | Noticed an oklob plant
 12503 | D:10     | Noticed an oklob plant
 12513 | D:10     | Killed an oklob plant
 12521 | D:10     | Killed from afar by an oklob plant

Illustrated notes

Levels and vault maps discovered:
D:1:      roderic_crossed_star, layout_loops_cross, serial_shops,
          nicolae_shop_real_fake_doors, chequers_ecumenical_altar_simple
D:2:      layout_rooms, basic_altar, serial_shops, nicolae_shop_tiny_glass,
          shop, uniq_sigmund
D:3:      layout_loops_ring, chequers_temple_overflow_statue_of_worship
D:4:      layout_loops_ring
D:5:      gammafunk_wand_slinger, layout_basic,
          mainiacjoe_overflow_concentric_impassable, uniq_blork_the_orc
D:6:      layout_basic, mainiacjoe_overflow_catwalk,
          mainiacjoe_overflow_large_starburst, mainiacjoe_overflow_24_doors,
          serial_shops, nicolae_shop_crystal, minmay_diced_spiral
D:7:      layout_gridville, minmay_temple_entry_statues_fountains, uniq_menkaure
D:8:      layout_loops_ring, mainiacjoe_overflow_tiny_flanked,
          nicolae_qazlal_beasts_of_the_sky, uniq_grum, uniq_gastronok,
          uniq_pikel
D:9:      layout_rooms, nicolae_yredelemnul_corpse_copse, uniq_erica
D:10:     layout_long_grid, dpeg_oklobed_lair, serial_shops, shop, minmay_holes,
          st_stairs_14, minmay_misc_feat_five, uniq_maurice

Skill      XL: |  1  2  3  4  5  6  7  8  9 10 11 |
---------------+----------------------------------+-----
Unarmed Combat | 3 5 7 8 9 11 | 11.5
Transmutations | 2 4 6 7 8 |  8.7
Dodging        | 2 3 4 5 6 |  6.0
Fighting       | 2 4 5 7 8 |  8.3
Spellcasting   | |  2.4

Action                     |  1- 3 |  4- 6 |  7- 9 | 10-12 || total
---------------------------+-------+-------+-------+-------++-------
  Melee: Unarmed           |    78 |   162 |   275 |   178 ||   693
         Kick              |     9 |    32 |    61 |       ||   102
         Headbutt          |     8 |    13 |    44 |       ||    65
         Punch             |     1 |     4 |     7 |     3 ||    15
   Cast: Beastly Appendage |    22 |    49 |    41 |     1 ||   113
         Wereblood         |       |     2 |    22 |     7 ||    31
         Spider Form       |       |       |     4 |     3 ||     7
         Ice Form          |       |       |       |    22 ||    22
  Evoke: Wand              |       |       |       |     4 ||     4
    Use: Potion            |     1 |       |       |     1 ||     2
         Scroll            |       |       |       |    14 ||    14
 Armour: Robe              |    24 |    52 |    68 |     8 ||   152
         Skin              |     2 |       |     2 |    38 ||    42
  Dodge: Dodged            |    40 |    68 |   102 |    88 ||   298
  Block: Other             |       |       |    43 |    35 ||    78
         Reflection        |       |       |     1 |     3 ||     4

Table legend: (Time is in decaauts)
 A = Elapsed time spent in this place.
 B = Non-inter-level travel time spent in this place.
 C = Inter-level travel time spent in this place.
 D = Time resting spent in this place.
 E = Time spent auto-exploring this place.
 F = Levels seen in this place.
 G = Mean time per level.
                   A        B        C        D        E       F      G
               +--------+--------+--------+--------+--------+-----+--------+
         Total |  12429 |  12199 |    230 |   2274 |   7868 |  10 | 1242.9 |
       Dungeon |  12429 |  12199 |    230 |   2274 |   7868 |  10 | 1242.9 |
               +--------+--------+--------+--------+--------+-----+--------+

Top non-repeatable levels by time:
     D:4: 1788 daAuts
     D:6: 1521 daAuts
     D:5: 1436 daAuts
     D:3: 1417 daAuts
     D:8: 1413 daAuts
     D:1: 1298 daAuts
     D:7: 1099 daAuts
     D:9: 1077 daAuts
     D:2: 836 daAuts
    D:10: 538 daAuts
